Workbook

Sheet Part 1
A1: Part 1 Solution
A3: Data
A4: Selling price per large Snowie | B4: 4
A6: Ice per Snowie | B6: 0.2
A7: Spoon straw (need one per Snowie) | B7: 0.02
A8: Styrofoam cup (need one per Snowie) | B8: 0.08
A9: Napkin (need two per Snowie) | B9: 0.01
A10: Servings per gallon of syrup | B10: 28
A11: Cost per gallon of syrup (includes concentrate, preservative, and sugar) | B11: 4.25
A12: Hourly rate for workers | B12: 10
A13: Event registration fee per day | B13: 25
A14: Electricity, insurance, maintenance, and permit costs per month | B14: 250
A15: Kiosk rental cost per month (12-month lease) | B15: 650
A16: Purchase cost of two ice shavers (5-year life) | B16: 3180
A17: Purchase cost of a flavor station (5-year life) | B17: 1080
A19: Requirements
A21: 1. Assumptions (to be filled in): | B21: During Day | D21: During evening | F21: Weekend
A22: a. Number of days you anticipate opening the kiosk per month | B22: 20 | D22: 20 | F22: 8
A23: b. Number of hours you will work (no wages required) per day | B23: 8 | D23: 4 | F23: 8
A24: c. Number of hours you will pay an employee to work in the kiosk per day | B24: 8 | D24: 4 | F24: 8
A26: 2. Cost of syrup per Snowie:
A27: Syrup cost per Snowie (Cost per gallon / Servings per gallon of syrup) | B27: =+B11/B10 -> 0.15178571 | D27: =B11/B10 -> 0.15178571 | F27: =B11/B10 -> 0.15178571
A29: 3. Cost of worker wages per day and month:
A30: a. Cost per day (Hourly rate for workers x Number of hours you will pay an employee) | B30: =+B12*B24 -> 80 | D30: =D24*B12 -> 40 | F30: =B12*F24 -> 80
A31: b. Cost per month (Cost per day above x Number of days kiosk is open per month) | B31: =+B30*B22 -> 1600 | D31: =D22*D30 -> 800 | F31: =F22*F30 -> 640
A33: 4. Total variable cost per Snowie
A34: Cost of syrup per Snowie (from Question 2) | B34: =+B27 -> 0.15178571 | D34: =D27 -> 0.15178571 | F34: =F27 -> 0.15178571
A35: =+A6 -> Ice per Snowie | B35: =+B6 -> 0.2 | D35: =B6 -> 0.2 | F35: =B6 -> 0.2
A36: =+A7 -> Spoon straw (need one per Snowie) | B36: =+B7 -> 0.02 | D36: =B7 -> 0.02 | F36: =B7 -> 0.02
A37: =+A8 -> Styrofoam cup (need one per Snowie) | B37: =+B8 -> 0.08 | D37: =B8 -> 0.08 | F37: =B8 -> 0.08
A38: =+A9 -> Napkin (need two per Snowie) | B38: =+B9*2 -> 0.02 | D38: =B9*2 -> 0.02 | F38: =B9*2 -> 0.02
A39: Total variable cost per Snowie | B39: =SUM(B34:B38) -> 0.47178571 | D39: =SUM(D34:D38) -> 0.47178571 | F39: =SUM(F34:F38) -> 0.47178571
A41: 5. Total fixed cost per month
A42: Wages for workers for month | B42: =+B31 -> 1600 | D42: =+D31 -> 800 | F42: =+F31 -> 640
A43: Event registration fee per day x number of days kiosk open | B43: =+B22*B13 -> 500 | D43: =B13*D22 -> 500 | F43: =F22*B13 -> 200
A44: Electricity, insurance, maintenance, and permit costs per month | B44: =B14 -> 250 | D44: =B14 -> 250 | F44: =B14 -> 250
A45: Kiosk rental cost per month | B45: =+B15 -> 650 | D45: =B15 -> 650 | F45: =B15 -> 650
A46: Straight-line depreciation - ice shavers ($3,180 / 5 years / 12 months) | B46: =+B16/5/12 -> 53 | D46: =B16/5/12 -> 53 | F46: =B16/5/12 -> 53
A47: Straight-line depreciation - flavor station ($1,080 / 5 years / 12 months) | B47: =+B17/5/12 -> 18 | D47: =B17/5/12 -> 18 | F47: =B17/5/12 -> 18
A48: Total fixed cost per month | B48: =SUM(B42:B47) -> 3071 | D48: =SUM(D42:D47) -> 2271 | F48: =SUM(F42:F47) -> 1811
A50: 6. Break even volume per month
A51: Total fixed costs | B51: =+B48 -> 3071 | D51: =+D48 -> 2271 | F51: =F48 -> 1811
A52: Unit contribution margin (Selling price - Variable cost per Snowie) | B52: =+B4-B39 -> 3.5282143 | D52: =B4-D39 -> 3.5282143 | F52: =B4-F39 -> 3.5282143
A53: Number of Frozen Dessert Business to be sold per month to break even | B53: =ROUNDUP(B51/B52,0) -> 871 | D53: =ROUNDUP(D51/D52,0) -> 644 | F53: =F51/F52 -> 513.29082
A55: 7. Number of Frozen Dessert Business to be sold to earn target profit of $2,000 per month
A56: Total fixed costs plus target profit | B56: =+B51+2000 -> 5071 | D56: =+D51+2000 -> 4271 | F56: =+F51+2000 -> 3811
A57: =+A52 -> Unit contribution margin (Selling price - Variable cost per Snowie) | B57: =+B52 -> 3.5282143 | D57: =D52 -> 3.5282143 | F57: =F52 -> 3.5282143
A58: Number of Frozen Dessert Business to be sold per month to earn target profit | B58: =ROUNDUP(B56/B57,0) -> 1438 | D58: =ROUNDUP(D56/D57,0) -> 1211 | F58: =ROUNDUP(F56/F57,0) -> 1081
A60: 8. Answers will vary. Think about how many Frozen Dessert Business per day, per hour and if that is reasonable.
A61: Number of Frozen Dessert Business to be sold per day | B61: =ROUNDUP(B58/B22,0) -> 72 | D61: =ROUNDUP(D58/D22,0) -> 61 | F61: =ROUNDUP(F58/F22,0) -> 136
A62: Number of Frozen Dessert Business to be sold per hour | B62: =ROUNDUP(B61/B23,0) -> 9 | D62: =ROUNDUP(D61/D23,0) -> 16 | F62: =ROUNDUP(F61/F23,0) -> 17
A64: Please note that student answers will vary; this Excel file is provided to allow you to check student answers based on the student assumptions.
A66: Margin of Safety: (At Target Profit of $2,000)
A67: (Planned Revenue - Breakeven Revenue) / Planned Revenue
A68: Planned Revenue | B68: =B58*B4 -> 5752 | D68: =D58*B4 -> 4844 | F68: =F58*B4 -> 4324
A69: Breakeven Revenue | B69: =B53*B4 -> 3484 | D69: =D53*B4 -> 2576 | F69: =F53*B4 -> 2053.1633
A70: Difference | B70: =B68-B69 -> 2268 | D70: =D68-D69 -> 2268 | F70: =F68-F69 -> 2270.8367
A71: MOS%: (% Planned Rev would have to decrease to reach Breakeven Sales) | B71: =B70/B68 -> 0.39429764 | D71: =D70/D68 -> 0.46820809 | F71: =F70/F68 -> 0.52517038
A73: Supplemental: Target Profit as a %
A74: # of Frozen Dessert Business to be sold / mo to achieve Target Profit of $2,000 (from above, rounded) | B74: =B58 -> 1438 | D74: =D58 -> 1211 | F74: =F58 -> 1081
A76: Contribution Margin Income Statement at Target Profit of $2,000
A77: Sales $ (@$4 per Snowie) to achieve $2K Target Profit | B77: =B74*B4 -> 5752 | D77: =D74*B4 -> 4844 | F77: =F74*B4 -> 4324
A78: Total Var Cost of Frozen Dessert Business (@$0.4718/showie) | B78: =B74*B39 -> 678.42786 | D78: =D74*D39 -> 571.3325 | F78: =F74*F39 -> 510.00036
A79: Total Contribution Margin | B79: =B77-B78 -> 5073.5721 | D79: =D77-D78 -> 4272.6675 | F79: =F77-F78 -> 3813.9996
A80: Total Fixed Costs | B80: =B51 -> 3071 | D80: =D51 -> 2271 | F80: =F51 -> 1811
A81: Operating Profit | B81: =B79-B80 -> 2002.5721 | D81: =D79-D80 -> 2001.6675 | F81: =F79-F80 -> 2002.9996
A82: Operating Profit % | B82: =B81/B77 -> 0.34815232 | D82: =D81/D77 -> 0.41322616 | F82: =F81/F77 -> 0.46322841
A84: If Target Profit goal is presented as a %, not as a $ amount, say 20%, then:
A86: Formula is: Total Fixed Cost / (CM% - TP%); Sales level to achieve 20% Op Profit
A88: Total Fixed Costs | B88: =B48 -> 3071 | D88: =D48 -> 2271 | F88: =F48 -> 1811
A89: CM $ ($4 - $04718) | B89: =B52 -> 3.5282143 | D89: =D52 -> 3.5282143 | F89: =F52 -> 3.5282143
A90: CM%: (CM: $3.53 / SP: $4.00) | B90: =B89/B4 -> 0.88205357 | D90: =D89/B4 -> 0.88205357 | F90: =F89/B4 -> 0.88205357
A91: CM% - TP % (20%) = | B91: =B90-0.2 -> 0.68205357 | D91: =D90-0.2 -> 0.68205357 | F91: =F90-0.2 -> 0.68205357
A92: Total Fixed Costs / (CM%-TP%) = Revenue $ to achieve TP % | B92: =B88/B91 -> 4502.5789 | D92: =D88/D91 -> 3329.6505 | F92: =F88/F91 -> 2655.2167
A93: Proof:
A94: Total Variable Costs | B94: =B92*(1-B90) -> 531.0631 | D94: =D92*(1-D90) -> 392.72038 | F94: =F92*(1-F90) -> 313.17332
A95: Contribution Margin | B95: =B92-B94 -> 3971.5158 | D95: =D92-D94 -> 2936.9301 | F95: =F92-F94 -> 2342.0433
A96: Total Fixed Costs | B96: =B88 -> 3071 | D96: =D88 -> 2271 | F96: =F88 -> 1811
A97: Operating Profit | B97: =B95-B96 -> 900.51577 | D97: =D95-D96 -> 665.9301 | F97: =F95-F96 -> 531.04333
B98: =B97/B92 -> 0.2 | D98: =D97/D92 -> 0.2 | F98: =F97/F92 -> 0.2

Sheet Part 2
A1: Part 2 Solution
A3: Data (all from Part 1 except for new selling price and cup cost)
A4: Selling price per large Snowie | B4: 3
A6: Ice per Snowie | B6: =+'Part 1'!B6 -> 0.2
A7: Spoon straw (need one per Snowie) | B7: =+'Part 1'!B7 -> 0.02
A8: Styrofoam cup (need one per Snowie) | B8: 0
A9: Napkin (need two per Snowie) | B9: =+'Part 1'!B9*2 -> 0.02
A10: Syrup cost per Snowie (from Part 1, Question 2) | B10: =+'Part 1'!B27 -> 0.15178571
A11: Total variable cost per Snowie | B11: =SUM(B6:B10) -> 0.39178571
A13: Sales revenue from Octoberfest (200 Frozen Dessert Business sold) | B13: =+B4*200 -> 600
A14: Variable costs for Octoberfest | B14: =200*B11 -> 78.357143
A15: Total contribution margin - Octoberfest | B15: =+B13-B14 -> 521.64286

Sheet Part 3
A1: Part 3 Solution
A3: Data (all from Part 1 except for new selling price and syrup cost)
A4: Selling price per large Snowie | B4: 5
A6: Ice per Snowie | B6: =+'Part 1'!B6 -> 0.2
A7: Spoon straw (need one per Snowie) | B7: =+'Part 1'!B7 -> 0.02
A8: Styrofoam cup (need one per Snowie) | B8: =+'Part 1'!B8 -> 0.08
A9: Napkin (need two per Snowie) | B9: =+'Part 1'!B9 -> 0.01
A10: Servings per gallon of syrup | B10: =+'Part 1'!B10 -> 28
A11: Cost per gallon of syrup (includes concentrate, preservative, and sugar) | B11: 8
A12: Hourly rate for workers | B12: =+'Part 1'!B12 -> 10
A13: Event registration fee per day | B13: =+'Part 1'!B13 -> 25
A14: Electricity, insurance, maintenance, and permit costs per month | B14: =+'Part 1'!B14 -> 250
A15: Kiosk rental cost per month | B15: =+'Part 1'!B15 -> 650
A16: Purchase cost of two ice shavers (5-year life) | B16: =+'Part 1'!B16 -> 3180
A17: Purchase cost of a flavor station (5-year life) | B17: =+'Part 1'!B17 -> 1080
A19: Requirements
A21: 1. Assumptions (to be filled in):
A22: a. Number of days you anticipate opening the kiosk per month | B22: 20 | C22: Note: Students may choose different numbers here in the highlighted cells.
A23: b. Number of hours you will work (no wages required) per day | B23: 6
A24: c. Number of hours you will pay an employee to work in the kiosk per day | B24: 8
A25: d. Number of Frozen Dessert Business you estimate you will sell on an average day | B25: 72
A27: Cost of syrup per Snowie (based on the new cost per gallon):
A28: Syrup cost per Snowie (Cost per gallon / Servings per gallon of syrup) | B28: =+B11/B10 -> 0.28571429
A30: 2. Budgeted contribution margin income statement for one month. Student answers may/will vary.
A32: Business Name (student answers will vary)
A33: Budgeted Contribution Margin Income Statement
A34: For Month Ended July 31 (students may choose different months)
A36: Sales revenue | C36: =+B4*B22*B25 -> 7200
A37: Less variable expenses:
A38: Ice expense | B38: =+B25*B22*B6 -> 288
A39: Spoon straws | B39: =+B25*B22*B7 -> 28.8
A40: Styrofoam cups | B40: =+B25*B22*B8 -> 115.2
A41: Napkins | B41: =+B9*2*B22*B25 -> 28.8
A42: Syrup | B42: =+B11/B10*B22*B25 -> 411.42857
A43: Total variable expenses | C43: =SUM(B38:B42) -> 872.22857
A44: Total contribution margin | C44: =+C36-C43 -> 6327.7714
A45: Less fixed expenses:
A46: Wages for workers | B46: =+B12*B22*B24 -> 1600
A47: Event registration fees | B47: =+B22*B13 -> 500
A48: Electricity, insurance, maintenance, and permit costs | B48: =B14 -> 250
A49: Kiosk rental cost | B49: =+B15 -> 650
A50: Depreciation - ice shavers | B50: =+B16/5/12 -> 53
A51: Depreciation - flavor station | B51: =+B17/5/12 -> 18
A52: Total fixed expenses | C52: =SUM(B46:B51) -> 3071
A53: Operating income | C53: =+C44-C52 -> 3256.7714
